AoeStats
← cabrilloESP

Four Lakes

509054436Analyzed
1v1 RM · 5d ago on Sep 25, 2026· 27m 26s· 2 players
Game mode
Random Map
Map size
Tiny (2 player)
Population
200
Speed
Normal
Resources
Standard
Victory
Conquest
Starting age
Dark Age
Ending age
Imperial Age
RankedLock teamsTeams togetherTeam positionsShared explorationLock speedFull tech treeHidden civsTurbo modeCheats
Victory
Defeat
🇪🇸 Danes · Spain
1371
+12
🇩🇪 Danes · Germany
1290
-12
Neo2025
10:54 Feudal Age
10:57 Man-at-Arms
16:06 Loom
20:29 Double-Bit Axe
cabrilloESP
9:57 Feudal Age
8:13 Loom
10:02 Man-at-Arms
10:28 Double-Bit Axe
13:18 Fletching
22:06 Castle Age
20:31 Padded Archer Armor
20:38 Horse Collar
22:07 Scale Mail Armor
22:14 Crossbowman
25:00 Long Swordsman
Connection lost

Rejoining the realm…

Still unreachable

The connection could not be restored.

Session expired

The server has moved on; the page needs a fresh start.